 Seeded DCSS version 0.30.1-11-g7821555f0a (webtiles) character file.

Game seed: 6351066067085065685 (custom seed)

7413 Esekla the Thaumaturge (level 10, -2/56 HPs)
             Began as a Deep Elf Wanderer on Dec 11, 2023.
             Was a High Priest of Vehumet.
             Killed from afar by Harold (8 damage)
             ... with a harpoon shot
             ... on level 9 of the Dungeon on Dec 12, 2023.
             The game lasted 01:07:13 (7771 turns).

Esekla the Thaumaturge (Deep Elf Wanderer)          Turns: 7771, Time: 01:07:14

Health: -2/56      AC:  9    Str: 11    XL:     10   Next: 92%
Magic:  19/35      EV: 13    Int: 23    God:    Vehumet [*****.]
Gold:   643        SH:  4    Dex: 14    Spells: 9/30 levels left

rFire   . . .        s - +5 rapier of the Hero {heavy, rN+ Dex+3}
rCold   . . .        d - +0 buckler
rNeg    + . .        L - +0 steam dragon scales
rPois   .            I - +1 helmet
rElec   .            F - +0 cloak
rCorr   .            l - +0 pair of gloves
SInv    .            (no boots)
Will    +....        z - amulet of magic regeneration
Stlth   +++          J - ring of magical power
HPRegen 0.29/turn    (no ring)
MPRegen 0.64/turn

%: no passive effects
@: marked, on blink cooldown, studying Fighting
A: no striking features
a: Renounce Religion


You were on level 9 of the Dungeon.
You worshipped Vehumet.
Vehumet was extremely pleased with you.
You visited 1 branch of the dungeon, and saw 9 of its levels.
You also visited: Bailey.

You collected 643 gold pieces.

Inventory:

Hand Weapons
 a - a +2 vampiric dagger
 r - a +4 trident of venom
 s - the +5 rapier of the Hero (weapon) {heavy, rN+ Dex+3}
   (You found it on level 3 of the Dungeon)

   Dex:       It affects your dexterity (+3).
   rN:        It protects you from negative energy.
 v - a +2 rapier of venom
 N - a +4 scimitar
 O - a +5 great sword
Missiles
 q - 3 boomerangs
 u - 31 poisoned darts (quivered)
 M - 6 curare-tipped darts
Armour
 d - a +0 buckler (worn)
 l - a +0 pair of gloves (worn)
 F - a +0 cloak (worn)
 I - a +1 helmet (worn)
 L - +0 steam dragon scales (worn)
Magical Staves
 f - a staff of fire
Jewellery
 z - an amulet of magic regeneration (around neck)
 J - a ring of magical power (left hand)
Wands
 j - a wand of roots (22)
 k - a wand of flame (15)
 H - a wand of mindburst (9)
Scrolls
 g - a scroll of identify
 o - a scroll of enchant armour {unknown}
 p - a scroll of amnesia
 t - 5 scrolls of blinking {unknown}
 x - a scroll of silence
 y - a scroll of magic mapping
 A - 3 scrolls of fear
 B - a scroll of fog
 C - 2 scrolls of enchant weapon
 E - 2 scrolls of teleportation
 G - 2 scrolls of poison
 K - a scroll of acquirement
Potions
 b - 3 potions of lignification
 e - 3 potions of ambrosia
 h - 2 potions of heal wounds {unknown}
 i - 4 potions of haste {unknown}
 m - 5 potions of attraction
 n - a potion of mutation
 w - 2 potions of brilliance
 D - 4 potions of curing


   Skills:
 * Level 3.2 Fighting
 + Level 4.0 Short Blades
 + Level 2.2 Throwing
 * Level 4.7 Dodging
 + Level 5.8 Stealth
 + Level 2.6 Shields
 * Level 10.9 Spellcasting
 * Level 3.3 Conjurations
 * Level 9.4 Necromancy
 + Level 4.8 Translocations
 + Level 1.3 Transmutations
 * Level 6.4 Fire Magic
 * Level 3.0 Air Magic
 + Level 3.0 Poison Magic
 + Level 1.0 Invocations


You had 9 spell levels left.
You knew the following spells:

 Your Spells              Type           Power      Damage    Failure   Level
b - Blink                 Tloc           70%        N/A       1%          2
c - Mephitic Cloud        Conj/Pois/Air  27%        N/A       1%          3
d - Vampiric Draining     Necr           54%        2d9       1%          3
e - Orb of Destruction    Conj           13%        9d7       97%         7
n - Ignite Poison         Fire/Tmut/Pois 29%        N/A       1%          3
o - Scorch                Fire           84%        2d9       1%          2
p - Apportation           Tloc           70%        N/A       1%          1

Your spell library contained the following spells:

 Spells                   Type           Power      Damage    Failure   Level
 Magic Dart               Conj           100%       1d8       1%          1
 Lesser Beckoning         Tloc           70%        N/A       1%          2
 Gell's Gravitas          Tloc           35%        N/A       3%          3
 Teleport Other           Tloc           35%        N/A       3%          3
 Spider Form              Tmut/Pois      22%        N/A       9%          3
 Cause Fear               Hex            6%         N/A       58%         4
 Summon Mana Viper        Hex/Summ       12%        N/A       90%         5


Dungeon Overview and Level Annotations

Branches:
Dungeon (9/15)             Temple (0/1) D:6          Bailey (visited)
   Lair: D:8-11         Orc: D:9-12

Altars:
Dithmenos
Fedhas
Hepliaklqana
Nemelex Xobeh
Okawaru
Qazlal
Trog
Uskayaw
Vehumet
Zin
The Shining One

Shops:
D:2 =   D:4 (

Annotations:
D:2 black bear
D:9 Harold


Message History

Casting: Mephitic Cloud (safe; 1% risk of failure)
Confirm with . or Enter, or press ? or * to list all spells.
You ignite the poison in your surroundings!
Harold is engulfed in blazing flames.
Casting: Ignite Poison (safe; 1% risk of failure)
Confirm with . or Enter, or press ? or * to list all spells.
Flames lash Harold.
Harold is lightly wounded.
Harold's fire resistance burns away.
Casting: Scorch (safe; 1% risk of failure)
Confirm with . or Enter, or press ? or * to list all spells.
You blink.
Casting: Blink (safe; 1% risk of failure)
Confirm with . or Enter, or press ? or * to list all spells.
Flames lash Harold.
Harold is burned terribly!
Harold is heavily wounded.
You feel stable enough to blink again.
Casting: Scorch (safe; 1% risk of failure)
Confirm with . or Enter, or press ? or * to list all spells.
Aiming: Vampiric Draining (safe; 1% risk of failure)
Press: ? - help, Shift-Dir - straight line, f/p - Harold
Aim: Harold, wielding a +0 battleaxe, wearing a +0 chain mail, quivering 2 throwing nets and carrying a wand of roots (6) (heavily wounded, confused, more vulnerable to fire)
You draw life force from Harold!
You feel life coursing into your body.
Harold gestures wildly.
Harold hits you with a +0 battleaxe!
* * * LOW HITPOINT WARNING * * *
Casting: Vampiric Draining (safe; 1% risk of failure)
Confirm with . or Enter, or press ? or * to list all spells.
Aiming: Vampiric Draining (safe; 1% risk of failure)
Press: ? - help, Shift-Dir - straight line, f/p - Harold
Aim: Harold, wielding a +0 battleaxe, wearing a +0 chain mail, quivering 2 throwing nets and carrying a wand of roots (6) (heavily wounded, confused, more vulnerable to fire)
You draw life force from Harold!
You feel life coursing into your body. Harold hits you with a +0 battleaxe!
* * * LOW HITPOINT WARNING * * *
Casting: Vampiric Draining (safe; 1% risk of failure)
Confirm with . or Enter, or press ? or * to list all spells.
You blink.
Harold seems less confused.
Harold fires a harpoon shot at you. The harpoon shot hits you!
You die...

......# #.....#
......# #.....#
......# #.°...#
......######°....#
......[....@§....#
.................#
######...........#
.....#..........?#
.....#..........@#
.....#....########
....##....#
....#.....#
....#.....######
....#..........#
#####.....######
..........#
..........#######


You could see Harold (combustible).

Vanquished Creatures
  2 two-headed ogres
  Pikel (D:6)
  2 orc knights (Bailey)
  Joseph (D:7)
  A kobold demonologist (D:9)
  2 wyverns
  Menkaure (D:7)
  2 steam dragons
  An ice beast (D:6)
  A sky beast (D:6)
  7 orc warriors (Bailey)
  2 black bears
  2 ogres
  A centaur (D:7)
  A phantom (D:7)
  Blork the orc (D:6)
  3 kobold brigands
  3 gnoll sergeants
  A bullfrog (D:7)
  2 scorpions (D:5)
  3 wights (D:7)
  5 killer bees (D:9)
  2 quasits
  2 gnoll boudas
  6 hounds
  A jelly (D:6)
  Crazy Yiuf (D:7)
  4 orc priests (D:8)
  A sleepcap (D:5)
  5 iguanas
  6 orc wizards
  27 gnolls
  9 adders
  3 shadow imps (D:8)
  6 white imps
  4 ufetubi
  A worm (D:4)
  3 dart slugs
  48 orcs
  4 endoplasms
  9 goblins
  7 hobgoblins
  A quokka (D:1)
  6 ball pythons
  4 bats
  4 frilled lizards
  14 kobolds
  A rat (D:2)
224 creatures vanquished.

Notes
Turn   | Place    | Note
-------+----------+-------------------------------------------
     0 | D:1      | Esekla the Deep Elf Wanderer began the quest for the Orb.
     0 | D:1      | Esekla set off with the following items: a +0 club, a
                  | potion of lignification, a +0 robe, a +0 buckler; and the
                  | following spells available to memorise: Apportation, Blink,
                  | Lesser Beckoning, Magic Dart, Ignite Poison, Vampiric
                  | Draining.
     0 | D:1      | Reached XP level 1. HP: 10/10 MP: 7/7
     2 | D:1      | Learned a level 1 spell: Magic Dart
     4 | D:1      | Learned a level 1 spell: Apportation
   298 | D:2      | Found Renulab's Jewellery Shop.
   505 | D:4      | Found a radiant altar of Vehumet.
   513 | D:4      | Found an iron altar of Okawaru.
   524 | D:4      | Found a glowing silver altar of Zin.
   609 | D:4      | Became a worshipper of Vehumet
   659 | D:3      | Reached skill level 1 in Necromancy
   835 | D:3      | Reached XP level 2. HP: 15/15 MP: 6/9
   838 | D:3      | Learned a level 2 spell: Blink
  1081 | D:3      | Identified the +5 rapier of the Hero {heavy, rN+ Dex+3}
  1206 | D:2      | Reached XP level 3. HP: 19/19 MP: 4/10
  1210 | D:2      | Learned a level 3 spell: Ignite Poison
  1214 | D:2      | Learned a level 3 spell: Vampiric Draining
  1259 | D:3      | Reached skill level 1 in Conjurations
  1376 | D:2      | Found a faded altar of an unknown god.
  1414 | D:2      | Reached skill level 1 in Short Blades
  1414 | D:2      | Reached XP level 4. HP: 16/24 MP: 1/12
  1455 | D:1      | Reached * piety under Vehumet
  1455 | D:1      | Offered knowledge of Sandblast by Vehumet.
  1822 | D:2      | Noticed a black bear
  2004 | D:3      | Found a stormy altar of Qazlal.
  2047 | D:3      | Reached XP level 5. HP: 28/28 MP: 3/13
  2048 | D:3      | Found a hazy altar of Hepliaklqana.
  2051 | D:3      | Found a bloodstained altar of Trog.
  2317 | D:5      | Entered Level 5 of the Dungeon
  2320 | D:5      | Got the Parchment of the Lumpy Olives
  2348 | D:5      | Found a shadowy altar of Dithmenos.
  2469 | D:5      | Reached skill level 1 in Throwing
  2540 | D:5      | Reached XP level 6. HP: 18/32 MP: 2/14
  2724 | D:4      | Reached ** piety under Vehumet
  2758 | D:4      | Offered knowledge of Shock by Vehumet.
  2791 | D:4      | Found a glowing golden altar of the Shining One.
  3079 | D:4      | Found Ponaysk's Antique Weapon Boutique.
  3540 | D:2      | Reached skill level 5 in Necromancy
  3540 | D:2      | Reached XP level 7. HP: 26/36 MP: 4/15
  4241 | D:6      | Noticed Blork the orc
  4264 | D:6      | Killed Blork the orc
  4264 | D:6      | Offered knowledge of Scorch by Vehumet.
  4265 | D:6      | Reached XP level 8. HP: 7/41 MP: 4/16
  4268 | D:6      | Learned a level 2 spell: Scorch
  4445 | D:6      | Reached skill level 5 in Spellcasting
  4500 | D:7      | Found a runed translucent door.
  4501 | D:7      | Noticed Crazy Yiuf
  4508 | D:7      | Killed Crazy Yiuf
  4509 | D:7      | Reached skill level 1 in Fire Magic
  4555 | D:7      | Reached skill level 1 in Dodging
  4717 | D:7      | Noticed Menkaure
  4720 | D:7      | Killed Menkaure
  4720 | D:7      | Reached *** piety under Vehumet
  4780 | D:7      | Reached skill level 6 in Spellcasting
  4976 | D:6      | Reached skill level 5 in Stealth
  4976 | D:6      | Offered knowledge of Volatile Blastmotes by Vehumet.
  4983 | D:6      | Found a blossoming altar of Fedhas.
  5117 | D:6      | Found a staircase to the Ecumenical Temple.
  5235 | D:6      | Noticed Pikel
  5241 | D:6      | Killed Pikel
  5242 | D:6      | Reached skill level 7 in Spellcasting
  5242 | D:6      | Reached XP level 9. HP: 34/45 MP: 14/22
  5707 | D:8      | Reached skill level 8 in Spellcasting
  5835 | D:8      | Reached **** piety under Vehumet
  5927 | D:8      | Offered knowledge of Mephitic Cloud by Vehumet.
  5939 | D:8      | Learned a level 3 spell: Mephitic Cloud
  6094 | D:8      | Noticed a two-headed ogre
  6107 | D:8      | Reached skill level 1 in Air Magic
  6117 | D:8      | Killed a two-headed ogre
  6118 | D:8      | Reached skill level 9 in Spellcasting
  6118 | D:8      | Reached skill level 5 in Fire Magic
  6118 | D:8      | Reached skill level 1 in Poison Magic
  6227 | D:8      | You fall into a shaft and drop 1 floor!
  6449 | D:9      | Found a flagged portal.
  6477 | Bailey   | Entered a bailey
  6542 | Bailey   | Reached XP level 10. HP: 46/50 MP: 25/25
  6650 | Bailey   | Identified the +2 bardiche of Puhoisos {heavy, rElec
                  | Stlth+}
  6654 | Bailey   | Noticed an orc knight
  6654 | Bailey   | Noticed an orc knight
  6681 | Bailey   | Killed an orc knight
  6687 | Bailey   | Killed an orc knight
  6688 | Bailey   | Reached skill level 10 in Spellcasting
  6841 | Bailey   | Reached ***** piety under Vehumet
  6841 | Bailey   | Offered knowledge of Orb of Destruction by Vehumet.
  6865 | Bailey   | Learned a level 7 spell: Orb of Destruction
  6979 | D:8      | Found a transporter.
  6979 | D:8      | Found a transporter.
  6983 | D:8      | Found a transporter.
  6983 | D:8      | Found a transporter.
  7031 | D:8      | Found a hide-covered altar of Uskayaw.
  7258 | D:9      | Reached skill level 1 in Transmutations
  7261 | D:9      | Reached skill level 1 in Fighting
  7374 | D:7      | Noticed Joseph
  7385 | D:7      | Killed Joseph
  7556 | D:9      | Noticed a two-headed ogre
  7563 | D:9      | Killed a two-headed ogre
  7630 | D:9      | Found a sparkling altar of Nemelex Xobeh.
  7760 | D:9      | Noticed Harold
  7771 | D:9      | Killed from afar by Harold

Illustrated notes

Levels and vault maps discovered:
D:1:      sevenhm_arrival_forest_fort_small_3, layout_rooms,
          chequers_serial_rivers_room_b, minmay_misc_feat_five
D:2:      layout_loops_ring, dreamdust_ecumenical_altar_angels_and_demons,
          serial_shops, shop
D:3:      layout_basic, grunt_temple_overflow_open, minmay_misc_feat_iff
D:4:      layout_basic, nicolae_overflow_quartered_altars, serial_shops,
          nicolae_diamond_shop
D:5:      layout_loops_ring, lemuel_doored_altar, minmay_misc_feat_rows,
          dreamdust_wishing_well
D:6:      layout_loops_cross, fedhas_altar_fruit_tree,
          minmay_temple_entry_glass, uniq_pikel, uniq_blork_the_orc
D:7:      layout_basic, uniq_menkaure, uniq_joseph, uniq_crazy_yiuf_cottage
D:8:      layout_basic, nicolae_uskayaw_dance_hall, serial_demonic,
          serial_demonic_d, serial_demonic_a, serial_demonic_c,
          serial_demonic_c, nicolae_diode_quadrants
D:9:      layout_irregular_city, kennysheep_little_box, enter_bailey_4,
          minmay_between, uniq_harold

Skill      XL: |  1  2  3  4  5  6  7  8  9 10 |
---------------+-------------------------------+-----
Necromancy     | 1 2 3 5 6 8 9 |  9.4
Translocations | 3 4 |  4.8
Conjurations   | 1 2 3 |  3.3
Short Blades   | 1 2 3 4 |  4.0
Stealth        | 2 3 4 5 |  5.8
Throwing       | 1 2 |  2.2
Shields        | 2 |  2.6
Spellcasting   | 7 9 10 | 10.9
Fire Magic     | 3 5 6 |  6.4
Dodging        | 2 3 4 |  4.7
Air Magic      | 1 3 |  3.0
Poison Magic   | 2 3 |  3.0
Transmutations | 1 |  1.3
Fighting       | 3 |  3.2
Invocations    | |  1.0

Action                     |  1- 3 |  4- 6 |  7- 9 | 10-12 || total
---------------------------+-------+-------+-------+-------++-------
  Melee: Short sword       |    13 |       |       |       ||    13
         Rapier            |    11 |    73 |    76 |    18 ||   178
         Dagger            |       |       |    20 |       ||    20
  Throw: Dart              |     7 |     9 |    21 |     3 ||    40
   Cast: Apportation       |    28 |    17 |    36 |    10 ||    91
         Magic Dart        |    31 |    59 |    32 |     3 ||   125
         Vampiric Draining |     2 |    20 |    41 |     8 ||    71
         Blink             |     2 |       |     2 |     3 ||     7
         Ignite Poison     |       |       |     3 |    11 ||    14
         Scorch            |       |       |    81 |    52 ||   133
         Mephitic Cloud    |       |       |     5 |    21 ||    26
    Use: Scroll            |     1 |       |     8 |     5 ||    14
         Potion            |       |     2 |     1 |     2 ||     5
   Stab: Sleeping          |     1 |     2 |    16 |     4 ||    23
         Distracted        |       |       |     1 |       ||     1
 Armour: Robe              |    13 |    21 |    57 |     7 ||    98
         Steam dragon scal |       |       |       |     1 ||     1
  Dodge: Dodged            |    19 |    59 |   105 |    12 ||   195
  Block: Buckler           |     7 |    25 |    52 |     7 ||    91
